[Event "ITT 1st Parada Jamundi 2022"]
[Site "Jamundi Valle"]
[Date "2022.12.07"]
[Round "1.8"]
[White "Valdes Martinez, Miguel A."]
[Black "Larino Nieto, David"]
[Result "1/2-1/2"]
[ECO "A41"]
[WhiteElo "2104"]
[BlackElo "2466"]
[Annotator "TA"]
[PlyCount "134"]
[EventDate "2022.12.05"]
[EventType "swiss"]
[EventCountry "COL"]
[SourceTitle "playchess.com"]
[Source "ChessBase"]
[SourceQuality "1"]
[TimeControl "5400+30"]

1. d4 d6 2. Nf3 Nd7 3. e3 b6 4. Nbd2 Bb7 {[%emt 0:00:01] [#]} 5. a4 $146 ({Predecessor:} 5. b3 g6 6. Bb2 Bg7 7. Bd3 e6 8. O-O Ne7 9. Rc1 O-O 10. Re1 e5 11. c4 {0-1 (49) Zanin,L (1655)-Negro,R (1838) Casaleone 2013}) 5... a5 6. Bb5 {[%emt 0:00:35] A41: 1 d4 d6: Tartakower System and Modern Defence.} e6 7. O-O g5 8. Qe2 {[%emt 0:05:07] White is slightly better.} g4 9. Ne1 h5 10. e4 Bg7 11. c3 Ne7 12. f4 ({Better is} 12. f3 $16) 12... e5 (12... f5 $11 {keeps the balance.}) 13. fxe5 $16 dxe5 14. dxe5 {[%emt 0:07:13] White is more active.} (14. Nc2 $16) 14... c6 15. e6 fxe6 16. Bc4 (16. Qf2 $6 Ne5 17. Be2 Rf8 $11) 16... Ne5 17. Nc2 Bh6 (17... N7g6 $16) 18. Nd4 $18 (18. Bxe6 Qd3 $18) 18... Qd6 (18... Bc8 19. N2b3 (19. Bxe6 Bxe6 20. Nxe6 Qc8 $16) 19... Nxc4) 19. Rf6 (19. Bxe6 Ba6 20. Nc4 Bxc4 21. Bxc4 O-O-O $18) 19... O-O-O 20. Rxe6 (20. Bxe6+ $18 {has better winning chances.} Kb8 21. Nc4 Nxc4 22. Bxh6 (22. Rxh6 Rxh6 23. Bxc4 Rg6 $14)) 20... Qc7 21. Rxh6 Rxh6 $16 22. Ne6 Rxe6 23. Bxe6+ Kb8 24. Nc4 {[%emt 0:02:02] Inhibits Qd6.} (24. Nf1 {simplifies} N5g6 25. Bb3 Nf4 26. Bxf4 Qxf4 27. Re1) 24... Ba6 $1 25. Bg5 (25. Bf4 $14 {stays ahead.} N7g6 26. Nxe5 $1 Nxf4 27. Qxa6 Nxe6 28. Nc4) 25... Rd6 $17 {[%emt 0:00:25][%cal Bd8d6,Bd6e6,Be6e5][%mdl 96] Pin} 26. Qf2 Rxe6 (26... Nxc4 27. Qf8+ Ka7 28. Bxc4 (28. Qxe7 $2 Qxe7 29. Bxe7 Rxe6 $19) 28... Bxc4 29. Bxe7 $11 (29. Qxe7 Qxe7 30. Bxe7 Re6 $15)) 27. Nxe5 Rxe5 28. Bf4 {[%emt 0:00:04] [#]} Ng6 29. Bg3 Ka7 30. Qf6 {[%emt 0:01:17] [#]} (30. b4 $1 $15) 30... h4 $1 31. Bxe5 Nxe5 32. Qxh4 c5 33. Rd1 Bd3 34. b3 (34. Qf6 $15) 34... Bc2 $1 $19 (34... Bxe4 35. Re1 Bxg2 36. Kxg2 Qc6+ 37. Kf2 Nd3+ 38. Ke2 Nf4+ 39. Kd2 Qg2+ 40. Kc1 Nd3+ 41. Kd1 $11) 35. Qd8 (35. Rf1) 35... Qxd8 36. Rxd8 Bxb3 37. Re8 Nd7 (37... Bxa4 38. Rxe5 Bb3 39. Re7+ Ka6 40. e5 $16) (37... Nc4 $19 {and Black stays clearly on top.} 38. Re7+ Ka6) 38. e5 $17 {[%emt 0:00:30] And now Re7 would win.} Bxa4 39. e6 Nf6 40. Rf8 Ne8 41. h4 gxh3 42. gxh3 Bc6 (42... Nc7 $17 43. e7 Be8) 43. h4 $11 {[%emt 0:01:10] aiming for h5.} a4 44. h5 a3 {[%emt 0:00:01] White must now prevent ...b5.} 45. h6 $2 {[%emt 0:01:15][%mdl 8192] [#]} (45. c4 $11) 45... a2 $4 (45... Be4 $1 $19 {avoids the disaster.} 46. Rf2 (46. Rxe8 $2 a2 $19) (46. Rf1 b5) 46... b5) 46. Rf1 $1 $18 {[%emt 0:00:07] Threatens to win with h7.} Nf6 {[%emt 0:00:08][%cal Oa7b7] [#]} 47. Ra1 $1 b5 48. Rxa2+ Kb6 49. Rf2 Nh7 50. e7 {[%emt 0:03:23] Strongly threatening Rf7.} b4 51. cxb4 cxb4 52. Rf8 b3 {[%emt 0:00:06] [#]} 53. e8=Q $2 (53. e8=R Nxf8 54. Rxf8 b2 $11) ({White must play} 53. Rb8+ $1 $18 Kc5 54. Rxb3 (54. e8=B Bxe8 55. Rxb3 Bg6 $11)) 53... Bxe8 $11 {[%emt 0:00:04] The position is equal.} 54. Rxe8 {[%emt 0:00:09][%mdl 4096] Endgame KR-KN} Kc5 55. Rb8 Kc4 56. Rb7 Nf6 57. Kg2 Kc3 58. Kf3 b2 59. Rxb2 Kxb2 {[%emt 0:00:02] KN-KP} 60. Kf4 Kc3 61. Kf5 (61. Kg5 $5 Nh7+ $8 62. Kh5 $11) 61... Nh7 62. Kg6 Nf8+ 63. Kg7 Ne6+ 64. Kf6 (64. Kf7 $5 Ng5+ $8 65. Kg8 $11 (65. Kg6 Ne6 $11)) 64... Nf8 65. Kf7 (65. Kg7 $5 Ne6+ $8 66. Kh8 $11) 65... Nh7 66. Kg6 Nf8+ 67. Kg7 Ne6+ {[%emt 0:00:08] White used his chance.   Weighted Error Value: White=0.50/Black=0.41} 1/2-1/2

[Event "ITT 1st Parada Jamundi 2022"]
[Site "Jamundi Valle"]
[Date "2022.12.07"]
[Round "1.9"]
[White "Aguero Jimenez, Luis Lazaro"]
[Black "Pazos Gambarrotti, Plinio"]
[Result "1-0"]
[ECO "D01"]
[WhiteElo "2465"]
[BlackElo "2083"]
[Annotator "TA"]
[PlyCount "29"]
[EventDate "2022.12.05"]
[EventType "swiss"]
[EventCountry "COL"]
[SourceTitle "playchess.com"]
[Source "ChessBase"]
[SourceQuality "1"]
[TimeControl "5400+30"]

1. d4 Nf6 2. Nc3 d5 3. Bg5 Nbd7 4. Nf3 c5 5. dxc5 Qa5 {[%emt 0:00:20] [#]} 6. Bxf6 $1 {[%emt 0:12:54] D01: Veresov Opening.} Nxf6 7. Qd4 {[%emt 0:01:26][%cal Oe2e4] e4! is the strong threat.} e6 $1 8. b4 {[%emt 0:00:26] White is slightly better.} Qd8 9. e4 {[%emt 0:01:40][%cal Be2e4,Be4d5,Bd5e6][%mdl 32] White is more active.} a5 $2 {[%emt 0:01:06] [#] Black cannot hold the game after this.} (9... dxe4 $14 10. Qxd8+ Kxd8 11. Rd1+ Ke7) 10. exd5 $1 $18 {[%emt 0:03:54] [#]} axb4 $146 (10... exd5 11. O-O-O (11. Bb5+ Bd7 $18) 11... Be7) ({Predecessor:} 10... exd5 11. Bb5+ Bd7 12. O-O axb4 13. Rfe1+ Be7 14. Nxd5 Nxd5 15. Qxd5 Bxb5 16. Qxb7 O-O 17. Qxe7 {1-0 (31) Mihok,O (2493)-Burg,T (2504) Budapest 2015}) 11. Bb5+ {[%emt 0:01:01] White is clearly winning.} ({Not} 11. Qxb4 Qa5 12. Qxa5 Rxa5 $16) 11... Nd7 12. c6 bxc3 13. Ne5 Nxe5 14. c7+ {[%emt 0:00:27][%mdl 64] Discovered Attack} Qd7 15. dxe6 {[%emt 1:03:40] Weighted Error Value: White=0.19 (very precise) /Black=0.87} ({Less strong is} 15. Bxd7+ Nxd7 16. dxe6 (16. Qxc3 Nf6 $16) 16... fxe6 $18) 1-0

[Event "ITT 1st Parada Jamundi 2022"]
[Site "Jamundi Valle"]
[Date "2022.12.07"]
[Round "1.10"]
[White "Londono Lopez, Donaldo"]
[Black "Rios, Cristhian Camilo"]
[Result "0-1"]
[ECO "B80"]
[WhiteElo "2055"]
[BlackElo "2456"]
[Annotator "TA"]
[PlyCount "68"]
[EventDate "2022.12.05"]
[EventType "swiss"]
[EventCountry "COL"]
[SourceTitle "playchess.com"]
[Source "ChessBase"]
[SourceQuality "1"]
[TimeControl "5400+30"]

1. e4 c5 2. Nf3 e6 3. d4 cxd4 4. Nxd4 Nf6 5. Nc3 d6 6. Be3 a6 7. Qd2 b5 8. f3 Nbd7 9. O-O-O Bb7 10. g4 Nb6 $1 {[%emt 0:04:01] 10...Nb6 is better than 10...h6.} 11. Qf2 Nfd7 12. Kb1 Rc8 {[%emt 0:03:47][%cal Oc8c3] [#] B80: Sicilian Scheveningen: 6 g3 and 6 Be3, including English Attack.} 13. Qe1 $146 (13. Bd3 $11) ({Predecessor:} 13. Nce2 Qc7 14. Ng3 Na4 15. c3 Be7 16. h4 Ndc5 17. Rc1 d5 18. exd5 Bxd5 19. c4 bxc4 20. Bxc4 Bxc4 21. Rxc4 Nxb2 22. Qxb2 Qxg3 {1-0 (60) Stany,G (2502)-Babujian,L (2456) Ahmedabad 2018}) 13... Qc7 (13... b4 $17 14. Nce2 Qc7) 14. Bd3 $11 Nc5 {[%emt 0:06:24] The position is equal.} 15. Qd2 b4 16. Nce2 d5 (16... Be7 {with more complications.} 17. Nb3 O-O 18. Qxb4 Nxd3 19. cxd3 Qc2+) 17. e5 Nxd3 (17... Be7 $11 {remains equal.}) 18. cxd3 $16 Qxe5 19. h4 (19. Rhe1 $16) 19... Qd6 $36 {[%emt 0:02:45][%mdl 2048] Black has some pressure.} 20. f4 (20. Rc1 $11) 20... Be7 (20... Nd7 $15) 21. g5 ({White should play} 21. f5 $1 $14) 21... Na4 (21... a5 $11) 22. f5 $14 e5 (22... Nc5 {simplifies} 23. Rhf1 g6 24. f6 Bf8) 23. f6 $1 exd4 24. Bxd4 (24. fxg7 $16 {keeps the pressure on.} Rg8 25. Nxd4 Nc3+ 26. bxc3 bxc3 27. Qc2 Rxg7 28. Nf5 Qb4+ 29. Ka1 Qb2+ 30. Qxb2 cxb2+ 31. Kxb2) 24... gxf6 $17 25. Rde1 {[%emt 0:02:44] Against b3. aiming for gxf6.} Kd7 26. gxf6 {[%emt 0:02:17] [#]} Bd8 (26... Bxf6 27. Rhf1 $11) (26... Bf8 $1 $19 {[%cal Ob4b3] and Black stays clearly on top. And now ...b3! would win.} 27. Qg5 Kd8) 27. Qg5 {[%emt 0:01:11] Prevents b3. Black must now prevent Be5.} Re8 {[%emt 0:07:23] Against Be5. Threatens to win with ...Bb6.} 28. Nf4 $2 {[%emt 0:00:25] Now White is beyond hope.} (28. Ng3 $17 {keeps fighting.} Nc3+ 29. bxc3 bxc3 30. Ka1 Rxe1+ 31. Rxe1) 28... Bc7 (28... Qc6 29. Qf5+ Kd6 30. Be5+ (30. Qxh7 {leads to mate.} Rxe1+ 31. Rxe1 Qc2+ 32. Ka1 Qc1+ 33. Rxc1 Rxc1#) (30. Rc1 $2 Qb5 $19) 30... Rxe5 31. Qxe5+ Kd7 32. Qf5+ Kd6 33. Qe5+ (33. Qxh7 $2 Qc2+ 34. Ka1 Qxb2#) 33... Kd7 34. Qf5+ Kd6 35. Rh2 $14 (35. Qxh7 $2 Qc2+ 36. Ka1 Qxb2#)) 29. Qf5+ Kc6 30. Nh5 $2 {[%emt 0:01:09] [#]} (30. Re7 Rxe7 31. fxe7 Qxf4 32. Qxc8 Bxc8 33. e8=Q+ Kb7 34. Rc1 Qxd4 35. Qc6+ Ka7 36. Qxc7+ Bb7 37. Qc2) 30... Kb5 31. Rc1 (31. Rxe8 $142 Rxe8 32. Qf2) 31... Bb6 $19 32. Bxb6 Kxb6 33. Qxh7 Rxc1+ 34. Rxc1 Qh2 {[%emt 0:00:10][%csl LRb2,LRh4] Weighted Error Value: White=0.72/Black=0.33} 0-1

[Event "ITT 1st Parada Jamundi 2022"]
[Site "Jamundi Valle"]
[Date "2022.12.07"]
[Round "1.11"]
[White "Campos Gomez, Manuel"]
[Black "Gonzalez Velasco, Leandro"]
[Result "1-0"]
[ECO "E94"]
[WhiteElo "2322"]
[BlackElo "1915"]
[Annotator "TA"]
[PlyCount "105"]
[EventDate "2022.12.05"]
[EventType "swiss"]
[EventCountry "COL"]
[SourceTitle "playchess.com"]
[Source "ChessBase"]
[SourceQuality "1"]
[TimeControl "5400+30"]

1. d4 Nf6 2. c4 g6 3. Nc3 Bg7 4. e4 d6 5. Be2 O-O 6. Nf3 e5 7. O-O c6 8. Rb1 {[%emt 0:02:26] E94: King's Indian: Classical: 6 Be2 e5 7 0-0: Various Black 7th moves.} (8. d5 $14) 8... Re8 (8... exd4 $11 9. Nxd4 (9. Qxd4 Nxe4 10. Qxe4 Bf5 $15) 9... a5) 9. d5 $14 Na6 10. Be3 {[%emt 0:15:08] [#] White is slightly better.} Ng4 $146 ({Predecessor:} 10... c5 11. Ne1 Nd7 12. a3 f5 13. f3 Nf6 14. b4 b6 15. Nd3 h5 16. bxc5 bxc5 {1-0 (46) Burlai,O-Balber,G Simferopol 1991}) 11. Bg5 f6 12. Bh4 c5 13. Nd2 Nh6 14. f3 Nf7 15. a3 b6 16. b4 Bh6 17. Bd3 Be3+ 18. Kh1 g5 19. Be1 h5 20. Qe2 Bd4 21. Nb5 Qe7 (21... Nc7 $142) 22. Bc2 (22. Nxd4 $16 exd4 23. Bc2) 22... Bb7 (22... Nc7 $14) 23. Rb3 ({White should play} 23. f4 $18) 23... Kg7 24. Nxd4 (24. f4 $142 $1) 24... cxd4 $16 25. g3 Rh8 26. f4 Raf8 27. Nf3 Bc8 28. Bd2 Bg4 29. Qg2 (29. c5 {looks sharper.} Nxc5 30. bxc5 dxc5 31. Rbb1) 29... Bxf3 30. Rbxf3 {[%emt 0:00:33] And now fxg5 would win.} g4 31. Rb3 Rh7 32. Qe2 Kh8 (32... Nb8 $142) 33. a4 (33. c5 $142 $1 Nc7 34. c6) 33... Nb8 34. Ra1 {[%emt 0:00:37] White is more active.} Rg8 ({Better is} 34... Rc8 $14) 35. a5 $18 h4 36. axb6 axb6 37. Qf2 ({White should try} 37. Rba3 $18) 37... hxg3 38. Rxg3 exf4 39. Bxf4 Ne5 40. Bd1 ({And not} 40. Qxd4 Nf3 41. Rxf3 (41. Qxb6 $2 Rxh2#) 41... gxf3 $15) (40. Ra8 $16) 40... Nd3 $1 $11 41. Rxd3 Qxe4+ 42. Kg1 Qxd3 43. Bc2 Qc3 44. Rd1 {[%emt 0:00:19] Dancing on a razor blade.} Rh3 45. Bxd6 {[%emt 0:03:37] A strong pair of Bishops.} d3 46. Ba4 $40 {[%emt 0:04:56][%mdl 128] White mounts an attack.} Rf3 {[%emt 0:00:25] Against Bg3} 47. Qh4+ (47. Qxb6 $2 {is the wrong capture.} g3 $1 48. hxg3 Qb2 $1 $19) 47... Kg7 {[%emt 0:00:01] Strongly threatening ...Qd4+.} 48. Kh1 $2 (48. Bf8+ $1 $11 Kxf8 49. Qh6+ Rg7 50. Qh8+ Rg8 51. Qh6+ Rg7 52. Qh8+ Rg8 53. Qh6+) 48... Qd4 $4 (48... Qxc4 $19 49. Rg1 {[#]} Rf1 $3 50. Rxf1 Qxd5+ 51. Kg1 Qxd6) 49. Rg1 $18 f5 50. Re1 {[%emt 0:06:55] White wants to mate with Qg5+.} Qf6 {[%emt 0:00:00] Prevents Qg5+.} 51. Re7+ {[%emt 0:01:44] White mates.} Kg6 52. Qh7+ Kg5 53. Qxg8+ {[%emt 0:00:08] Weighted Error Value: White=0.21 (precise) /Black=0.34} 1-0

[Event "ITT 1st Parada Jamundi 2022"]
[Site "Jamundi Valle"]
[Date "2022.12.07"]
[Round "1.12"]
[White "Mora Munoz, Alejandro"]
[Black "Herrera, Juan Sebastian"]
[Result "1/2-1/2"]
[ECO "B06"]
[WhiteElo "1959"]
[BlackElo "2297"]
[Annotator "TA"]
[PlyCount "115"]
[EventDate "2022.12.05"]
[EventType "swiss"]
[EventCountry "COL"]
[SourceTitle "playchess.com"]
[Source "ChessBase"]
[SourceQuality "1"]
[TimeControl "5400+30"]

1. e4 g6 2. d4 Bg7 3. Nc3 d6 4. Be3 a6 5. Qd2 b5 6. f3 Bb7 {[%emt 0:00:07] B06: Modern Defence.} 7. a4 b4 {[%emt 0:00:10] 7...c6 is not played anymore.} 8. Nd1 a5 {[%emt 0:00:25] White is slightly better.} 9. Bc4 {[%emt 0:02:03] [#]} Nf6 $146 ({Predecessor:} 9... Nd7 10. Nh3 Ngf6 11. Bh6 O-O 12. Bxg7 Kxg7 13. Ng5 d5 14. exd5 Bxd5 15. Bxd5 Nxd5 {½-½ (48) Sedivy,M (2159)-Kiratzopoulos,E (2217) Czech Republic 2019}) 10. Bh6 O-O 11. Bb3 Nbd7 12. Bxg7 Kxg7 13. Ne3 c5 14. c3 Ba6 15. cxb4 (15. Ne2 $11 {keeps the balance.}) 15... axb4 (15... cxb4 $6 16. Ne2 $11) 16. Bc4 Bxc4 17. Nxc4 cxd4 18. Qxd4 Nc5 19. Qd1 {[%emt 0:04:50] Prevents Nb3.} (19. Rd1 $17 {was necessary.}) 19... d5 20. exd5 Qxd5 (20... Qc7 $19 {Hoping for ...Rad8.} 21. a5 Rad8) 21. Qxd5 $17 Nxd5 22. Rd1 (22. Ne2 $142) 22... Nf4 $19 {[%emt 0:05:33][%cal Of8c8] Threatens to win with ...Rfc8!} 23. g3 Nfe6 (23... Nfd3+ $19 {and Black stays clearly on top.} 24. Ke2 Rxa4 25. Rxd3 Nxd3 26. Kxd3 Ra1) 24. a5 $17 Nb3 25. Ne2 Nxa5 26. Nxa5 Rxa5 27. Kd2 (27. Kf2 $17) 27... Re5 28. Rhe1 Nc5 ({Better is} 28... Kf6 $19 29. f4 Rd8+ 30. Kc1 Rxd1+ 31. Kxd1 Rh5) 29. Nf4 (29. Nd4 $17 Rd5 30. Ke2) 29... Nb3+ $19 30. Kd3 Rc5 ({Black should play} 30... Rd8+ $19 31. Kc2 Nd4+ 32. Rxd4 b3+ 33. Kxb3 (33. Kc3 $2 Rc8+ 34. Rc4 Rxc4+ 35. Kxb3 Rxe1 $19) 33... Rb8+ 34. Kc2 Rxe1) 31. Rxe7 (31. Ke3 $17 {might work better.}) 31... Rd8+ 32. Ke2 Rc2+ 33. Ke1 Rxd1+ 34. Kxd1 {[%emt 0:00:05][%mdl 4096] Endgame KRN-KRN} Rd2+ (34... Rxb2 35. Re2 Rxe2 36. Kxe2 $17) 35. Ke1 Rxb2 ({And not} 35... Rxh2 36. Re2 Nd4 37. Rxh2) 36. Re2 Rb1+ 37. Kf2 Nd4 (37... Nc1 $19 38. Rd2 Ra1) 38. Rd2 $17 Nb3 (38... Nf5 $17 {And now ...b3 would win.} 39. Ke2 b3) 39. Rd7 $2 {[%emt 0:00:53] [#]} (39. Re2 $1 $11 {and White stays safe.}) 39... Rb2+ (39... Na5 $1 $19 40. Ne6+ Kf6) 40. Ke3 Kf8 (40... Rxh2 $17 {Strongly threatening ...Na5.} 41. Nd3 Rg2) 41. Nd3 Rxh2 42. Nxb4 h5 (42... Nc5 $5 43. Rd5 Ne6 $17) 43. Nd3 g5 44. Ne5 Nc1 {[%emt 0:01:22] aiming for ...Re2+.} 45. Rxf7+ Ke8 46. Rf5 Re2+ 47. Kd4 h4 48. Rxg5 h3 49. Rh5 h2 50. Ng4 (50. Kd5 {is interesting.} Kf8 51. f4 Kg7 52. Nf3) 50... Rg2 {[%emt 0:02:20] The position is equal.} ({Don't take} 50... Nb3+ 51. Kd5 $16 (51. Kc3 Nc1 $16)) 51. Rxh2 (51. Ke5 {feels hotter.} Ne2 52. Kf6 Nxg3 53. Rh8+) 51... Ne2+ 52. Ke3 Rxh2 53. Nxh2 Nxg3 $11 {[%emt 0:00:06] KN-KN} 54. Kf4 Ne2+ 55. Kg5 Nd4 56. f4 Ne6+ 57. Kf5 Nxf4 {[%emt 0:00:06][%mdl 64] [#]} 58. Kxf4 {[%emt 0:00:08] Black had all chances to win.   Weighted Error Value: White=0.29 (precise) /Black=0.21 (precise)} 1/2-1/2

[Event "ITT 1st Parada Jamundi 2022"]
[Site "Jamundi Valle"]
[Date "2022.12.07"]
[Round "2.1"]
[White "Rios, Cristhian Camilo"]
[Black "Henriquez Villagra, Cristobal"]
[Result "0-1"]
[ECO "D46"]
[WhiteElo "2456"]
[BlackElo "2587"]
[Annotator "TA"]
[PlyCount "194"]
[EventDate "2022.12.05"]
[EventType "swiss"]
[EventCountry "COL"]
[SourceTitle "playchess.com"]
[Source "ChessBase"]
[SourceQuality "1"]
[TimeControl "5400+30"]

1. d4 d5 2. c4 e6 3. Nf3 c6 4. Nc3 Nf6 5. e3 Nbd7 6. Qc2 Bd6 7. Bd3 dxc4 8. Bxc4 O-O 9. O-O Qe7 10. h3 a5 11. a4 e5 12. Bb3 Bb8 13. Re1 h6 14. Nh4 (14. dxe5 $11 {remains equal.} Nxe5 15. Nxe5 Bxe5 16. Bd2) 14... Re8 (14... exd4 $17 15. Ng6 Qd6 16. exd4 Qh2+ 17. Kf1 Qh1+ 18. Ke2 Qxg2 19. Nxf8 Nxf8 20. Bxh6 Qxh3) 15. Bd2 (15. Nf5 $5 Qf8 16. Ne2 $11) 15... Nf8 (15... e4 $5 16. Nf5 Qd8 $11) 16. Nf5 Qc7 17. Ng3 exd4 18. exd4 Be6 19. Bxe6 Rxe6 20. Re3 Qd6 21. Qd3 Bc7 22. Rd1 Rd8 23. Bc1 Ng6 24. Rxe6 Qxe6 25. Nf5 Ne7 26. Nxe7+ Qxe7 27. Qf3 {[%emt 0:01:18] [#]} (27. Qe2 $15 Qb4 28. Be3) 27... Bb6 (27... Rxd4 $1 $17 28. Be3 Rb4) 28. Be3 Nd5 29. Rd3 Bc7 30. Bd2 (30. g3 $15) 30... Rd6 ({Better is} 30... Nb4 $1 $17 31. Re3 Qd6) 31. Nxd5 $15 Rxd5 32. Bc3 Qd7 33. Re3 f6 34. Re4 Kf7 35. Qe2 f5 36. Re3 Bf4 37. Rf3 Bg5 38. Qc4 (38. g4 $15) 38... b5 $1 $17 39. Qd3 (39. axb5 $17 cxb5 40. Qe2) 39... b4 $19 (39... bxa4 40. Qc4 $11) 40. Bd2 Bf6 41. Be3 c5 (41... Bxd4 42. Bxd4 Rxd4 43. Qa6 $17 (43. Qxf5+ Qxf5 44. Rxf5+ Ke6 $17) (43. Rxf5+ $2 Kg6 $19)) 42. b3 (42. Qb3 $142 cxd4 43. Bd2) 42... cxd4 $19 (42... Bxd4 43. Qc4 $17) 43. Bd2 Rc5 44. Rf4 Qe6 45. g4 g6 46. gxf5 gxf5 47. Rf3 $2 (47. h4) 47... Qe4 $19 48. Kf1 Qxd3+ 49. Rxd3 h5 50. Ke2 h4 51. Rf3 (51. Bf4 $142) 51... Ke6 $19 52. Kd3 Ke5 53. Bf4+ Kd5 $1 54. Bd2 Ke6 55. Rf4 Rc8 56. Rf3 Be5 57. Bg5 Kd5 58. Rxf5 $2 (58. Bd2 f4 59. Ke2) 58... Rc3+ $19 59. Ke2 Ke4 (59... Rxh3 60. f4 d3+ 61. Kd2 $11) 60. Rf8 d3+ (60... Rxh3 61. f3+ Kd5 62. Ra8 $17) 61. Kd2 Rxb3 62. f3+ {[%emt 0:00:08] [#]} Kd5 $1 63. Rd8+ Ke6 64. Rxd3 Ra3 65. Bxh4 $2 (65. Rd8) 65... b3 $19 66. Re3 b2 (66... Rxa4 $2 67. Bg3 Rd4+ 68. Ke2 $19) 67. Re1 Kd5 (67... Rxf3 68. Kc2 $15) 68. Kc2 Rxa4 (68... Rxf3 69. Bg5 $15) 69. f4 Rc4+ ({Not} 69... Rxf4 70. Rxe5+ Kxe5 71. Bg3 $11) (69... Bxf4 70. Bf6 $11) 70. Kb1 Bxf4 ({Stronger than} 70... Rxf4 71. Rxe5+ Kxe5 72. Bg3 $11) 71. Kxb2 (71. Rd1+ $19 Ke6 72. Re1+ Be5 73. Bd8) 71... Be5+ 72. Rxe5+ Kxe5 73. Be1 {[%emt 0:00:55] [#]} a4 $1 74. Ka3 Kd5 75. Bb4 Rc8 76. h4 Kc4 77. Be7 Kb5 78. Bg5 Re8 79. Bf4 Rf8 80. Bd6 Rf3+ 81. Ka2 Re3 82. Bf8 Re8 83. Bd6 Re6 84. Bf8 Rf6 85. Be7 Rf7 86. Bd6 Rh7 87. Bg3 Rh6 88. Kb2 Rf6 89. Ka2 a3 90. Be5 Rf3 91. h5 Ka4 92. h6 Rf2+ 93. Kb1 Kb3 94. Kc1 Rf1+ 95. Kd2 Rh1 96. Bg7 a2 97. Ke3 Rxh6 ({Worse is} 97... a1=B 98. Bxa1 Rxh6 99. Bg7 $11) 0-1

[Event "ITT 1st Parada Jamundi 2022"]
[Site "Jamundi Valle"]
[Date "2022.12.07"]
[Round "2.2"]
[White "Paredes Lagos, Anthony Javier"]
[Black "Cruz, Cristhian"]
[Result "0-1"]
[ECO "D02"]
[WhiteElo "2230"]
[BlackElo "2552"]
[Annotator "TA"]
[PlyCount "88"]
[EventDate "2022.12.05"]
[EventType "swiss"]
[EventCountry "COL"]
[SourceTitle "playchess.com"]
[Source "ChessBase"]
[SourceQuality "1"]
[TimeControl "5400+30"]

1. d4 d5 2. Bf4 Nf6 3. e3 e6 4. Nf3 Bd6 5. Nbd2 O-O 6. c3 {[%emt 0:07:20] D02: 1 d4 d5 2 Nf3 sidelines, including 2...Nf6 3 g3 and 2...Nf6 3 Bf4.} c5 7. Bxd6 Qxd6 8. Ne5 {[%emt 0:00:30] The position is equal.} Nfd7 9. f4 f6 10. Nef3 cxd4 {[%emt 0:06:08] [#]} 11. Nxd4 $146 ({Predecessor:} 11. cxd4 e5 12. fxe5 fxe5 13. Qb3 Kh8 14. dxe5 Nxe5 15. Nxe5 Qxe5 16. Nf3 Qe7 17. Be2 {½-½ (32) Krzyzanowski,M (2535)-Haring,F (2473) Czech Republic 2022}) 11... Nc6 12. N2f3 (12. Bd3 {with more complications.} Nc5 13. Bc2 e5 14. Qh5) 12... Nxd4 (12... Nb6 $5 ) 13. Qxd4 e5 14. Qb4 Qxb4 (14... Nc5 $5 ) 15. cxb4 exf4 16. exf4 Re8+ 17. Kd2 Re4 18. a3 Rxf4 19. Re1 {[%emt 0:02:30] Inhibits Ne5.} Nb6 20. Re7 Kf8 21. Rc7 Re4 ({Black should try} 21... Bf5 $17) 22. Bd3 $11 Re7 $36 {[%emt 0:00:01][%mdl 2048] Black has the initiative.} 23. Rhc1 {[%emt 0:01:41][%mdl 8192] [#] Now White is beyond hope.} (23. Rc5 $11 {and White is okay.}) 23... Nc4+ $1 $19 24. R1xc4 dxc4 25. Rxc4 Be6 26. Rd4 g6 27. Rd6 Kf7 28. Be4 Rb8 29. Nd4 Rd7 30. Rxd7+ Bxd7 {[%emt 0:00:02][%mdl 4096] Endgame KRB-KBN} 31. b5 Ke7 32. b3 Kd6 33. a4 Ke5 34. Ke3 f5 35. Nf3+ Kf6 36. Bd3 Be6 37. b4 Bd5 {[%emt 0:00:15] Black is clearly winning.} 38. Ne1 Re8+ 39. Kd2 Be4 40. a5 Rd8 41. Kc3 Ke5 42. g3 Rc8+ 43. Kd2 Kd4 44. Nc2+ {[%emt 0:00:09] [#]} Rxc2+ $1 {[%emt 0:00:19][%mdl 512] Weighted Error Value: White=0.48/Black=0.05 (flawless)} 0-1

[Event "ITT 1st Parada Jamundi 2022"]
[Site "Jamundi Valle"]
[Date "2022.12.07"]
[Round "2.3"]
[White "Cardoso Cardoso, Jose Gabriel"]
[Black "Cori Quispe, Kevin Joel"]
[Result "1/2-1/2"]
[ECO "A31"]
[WhiteElo "2483"]
[BlackElo "2469"]
[Annotator "TA"]
[PlyCount "66"]
[EventDate "2022.12.05"]
[EventType "swiss"]
[EventCountry "COL"]
[SourceTitle "playchess.com"]
[Source "ChessBase"]
[SourceQuality "1"]
[TimeControl "5400+30"]

1. e4 c5 2. Nf3 e6 3. d4 cxd4 4. Nxd4 a6 5. c4 Nf6 6. Nc3 Qc7 7. a3 b6 8. Be3 Bb7 9. f3 Be7 10. Rc1 O-O 11. Be2 d6 12. Qd2 Re8 13. O-O Nbd7 14. b4 Rac8 15. Rfd1 Qb8 16. Nb3 {[%emt 0:00:09] 16.Bf1 is the modern continuation.} Bf8 {[%emt 0:02:20][%cal Od6d5] A31: Symmetrical English: 2 Nf3 Nf6 3 d4.} 17. Bf2 Ba8 18. Bf1 {[%emt 0:15:03] [#] White is more active.} h6 $146 {[%emt 0:00:43] White is slightly better.} ({Predecessor:} 18... Rcd8 19. Qd4 h6 20. Bg3 Ne5 21. Na4 Nfd7 22. Bf2 Nc6 23. Qc3 b5 24. Nb2 Nce5 {0-1 (63) Bastians,F (2146)-Podzielny,K (2458) Gelsenkirchen 2006}) 19. Qd4 Bc6 20. Qe3 Be7 21. Nd4 Ba8 22. Na4 Bd8 23. Nb3 Bc7 {[%emt 0:02:15] Threatening ...d5.} 24. g3 d5 25. cxd5 (25. c5 $11 b5 26. Nc3) 25... exd5 $17 26. Bxa6 Rcd8 27. Bb5 (27. Nc3 $17 {is a better defense.}) 27... dxe4 $19 28. f4 (28. fxe4 {was worth a try.} Rxe4 29. Qc3) 28... Re7 $2 (28... Ng4 $19 29. Qe2 Nxf2 30. Qxf2 (30. Rxd7 Rxd7 31. Bxd7 Re7 $19) 30... e3) 29. Nd4 Ng4 $1 30. Qe2 (30. Qc3 $1 $15 Ndf6 31. Be1 (31. Nf5 Rxd1+ 32. Rxd1 Re6 $11)) 30... Nxf2 $2 (30... e3 $1 $17 31. Be1 (31. Qxg4 $2 {too greedy.} exf2+ 32. Kf1 Nf6 $19) 31... Ndf6) 31. Qxf2 {[%emt 0:03:24] aiming for Nf5.} e3 32. Qe2 {[%emt 0:00:04] [#]} (32. Qe1 $1 $11 {remains equal.}) 32... Nf6 (32... Bxf4 $1 $17 33. gxf4 (33. Nf5 $2 Re5 $19) (33. Nc6 Bxc6) 33... Qxf4) 33. Nc6 $1 $11 Bxc6 {[%emt 0:00:10] Weighted Error Value: White=0.38/Black=0.48} 1/2-1/2